TOP OF THE 1ST |
Los Cabos Cartel batting - Pitching for Baffin Island Beavers : RHP Thierry Garneau
|
Pitching: RHP Thierry Garneau
|
|
Batting: RHB Víctor Solano
|
0-0: Swinging Strike 0-1: Called Strike 0-2: Fly out, F8 (Flyball, 8RM)
|
Batting: LHB Luis González
|
0-0: Called Strike 0-1: Ball 1-1: Foul Ball, location: 2F 1-2: TRIPLE (Line Drive, 8RXD)
|
Batting: SHB Julián Madrid
|
0-0: Called Strike 0-1: Called Strike 0-2: Ground out 3-1 (Groundball, 34) Luis González scores
|
Batting: LHB Truman Hodge
|
0-0: Ball 1-0: Called Strike 1-1: Foul Ball, location: 2F 1-2: Ground out 6-3 (Groundball, 6MS)
|
Top of the 1st over - 1 run(s), 1 hit(s), 0 error(s), 0 left on base; Los Cabos 1 - Baffin Island 0 |
BOTTOM OF THE 1ST |
Baffin Island Beavers batting - Pitching for Los Cabos Cartel : RHP Marty Burgess
|
Pitching: RHP Marty Burgess
|
|
Batting: LHB Chris Bates
|
0-0: Ball 1-0: Foul Ball, location: 2F 1-1: Ball 2-1: Ball 3-1: Ground out 4-3 (Groundball, 34)
|
Batting: RHB Jorge Morales
|
0-0: Swinging Strike 0-1: Swinging Strike 0-2: Foul Ball, location: 2F 0-2: Ball 1-2: Ball 2-2: Ball 3-2: Foul Ball, location: 2F 3-2: Strikes out swinging
|
Batting: SHB Alonso Ferreira
|
0-0: Ball 1-0: Foul Ball, location: 2F 1-1: Ball 2-1: Ground out 4-3 (Groundball, 4)
|
Bottom of the 1st over - 0 run(s), 0 hit(s), 0 error(s), 0 left on base; Los Cabos 1 - Baffin Island 0 |
TOP OF THE 2ND |
Los Cabos Cartel batting - Pitching for Baffin Island Beavers : RHP Thierry Garneau
|
Batting: LHB Manny Quiñones
|
0-0: Ball 1-0: Swinging Strike 1-1: Swinging Strike 1-2: Foul Ball, location: 2F 1-2: Strikes out swinging
|
Batting: RHB Beco Lombo
|
0-0: Ball 1-0: Ball 2-0: Called Strike 2-1: TRIPLE (Line Drive, 78XD)
|
Batting: RHB Sam Wallace
|
0-0: Called Strike 0-1: Ball 1-1: Ball 2-1: Ground out 1-3 (Groundball, 13)
|
Batting: RHB Stephen Wilson
|
0-0: Called Strike 0-1: Ball 1-1: Called Strike 1-2: Foul Ball, location: 2F 1-2: Strikes out swinging
|
Top of the 2nd over - 0 run(s), 1 hit(s), 0 error(s), 1 left on base; Los Cabos 1 - Baffin Island 0 |
BOTTOM OF THE 2ND |
Baffin Island Beavers batting - Pitching for Los Cabos Cartel : RHP Marty Burgess
|
Batting: LHB Jeff Cole
|
0-0: Ball 1-0: Foul Ball, location: 2F 1-1: Called Strike 1-2: Strikes out swinging
|
Batting: LHB Lorenzo Villa
|
0-0: Foul Ball, location: 2F 0-1: Ball 1-1: Ball 2-1: Ball 3-1: Fly out, F8 (Flyball, 8RXD)
|
Batting: RHB Tony Morton
|
0-0: Ball 1-0: Ball 2-0: Swinging Strike 2-1: Called Strike 2-2: Strikes out swinging
|
Bottom of the 2nd over - 0 run(s), 0 hit(s), 0 error(s), 0 left on base; Los Cabos 1 - Baffin Island 0 |
TOP OF THE 3RD |
Los Cabos Cartel batting - Pitching for Baffin Island Beavers : RHP Thierry Garneau
|
Batting: RHB Dan Mason
|
0-0: Called Strike 0-1: Ball 1-1: Ball 2-1: Swinging Strike 2-2: Strikes out swinging
|
Batting: RHB Víctor Solano
|
0-0: Ball 1-0: DOUBLE (Flyball, 78XD)
|
Batting: LHB Luis González
|
0-0: Ball 1-0: Fly out, F8 (Line Drive, 8LS)
|
Batting: SHB Julián Madrid
|
0-0: Ball 1-0: Ball 2-0: Ball 3-0: Base on Balls
|
Batting: LHB Truman Hodge
|
0-0: Ball 1-0: Foul Ball, location: 2F 1-1: Called Strike 1-2: Ball 2-2: Ground out 6-3 (Groundball, 6)
|
Top of the 3rd over - 0 run(s), 1 hit(s), 0 error(s), 2 left on base; Los Cabos 1 - Baffin Island 0 |
BOTTOM OF THE 3RD |
Baffin Island Beavers batting - Pitching for Los Cabos Cartel : RHP Marty Burgess
|
Batting: LHB Keng-chi Lao
|
0-0: Foul Ball, location: 2F 0-1: Ground out U3 (Groundball, 3L)
|
Batting: RHB Bryan Sandstrom
|
0-0: SINGLE (Line Drive, 7LM)
|
Batting: RHB Bill Mark
|
0-0: Swinging Strike 0-1: Ball 1-1: Foul Ball, location: 2F 1-2: Strikes out swinging
|
Batting: LHB Chris Bates
|
0-0: Called Strike 0-1: Ball 1-1: Ground out 4-3 (Groundball, 4)
|
Bottom of the 3rd over - 0 run(s), 1 hit(s), 0 error(s), 1 left on base; Los Cabos 1 - Baffin Island 0 |
TOP OF THE 4TH |
Los Cabos Cartel batting - Pitching for Baffin Island Beavers : RHP Thierry Garneau
|
Batting: LHB Manny Quiñones
|
0-0: Ground out 4-3 (Groundball, 4)
|
Batting: RHB Beco Lombo
|
0-0: Called Strike 0-1: SINGLE (Groundball, 56D)
|
Batting: RHB Sam Wallace
|
0-0: Called Strike 0-1: Foul Ball, location: 2F 0-2: Ball 1-2: TRIPLE (Line Drive, 9LM) Beco Lombo scores
|
Batting: RHB Stephen Wilson
|
0-0: Called Strike 0-1: Foul Ball, location: 2F 0-2: Strikes out swinging
|
Batting: RHB Dan Mason
|
0-0: Called Strike 0-1: Ball 1-1: Called Strike 1-2: Strikes out swinging
|
Top of the 4th over - 1 run(s), 2 hit(s), 0 error(s), 1 left on base; Los Cabos 2 - Baffin Island 0 |
BOTTOM OF THE 4TH |
Baffin Island Beavers batting - Pitching for Los Cabos Cartel : RHP Marty Burgess
|
Batting: RHB Jorge Morales
|
0-0: Ball 1-0: Fly out, F6 (Line Drive, 6)
|
Batting: SHB Alonso Ferreira
|
0-0: Ball 1-0: Ball 2-0: Ground out 4-3 (Groundball, 4M)
|
Batting: LHB Jeff Cole
|
0-0: Called Strike 0-1: Foul Ball, location: 2F 0-2: Ball 1-2: Ball 2-2: Strikes out swinging
|
Bottom of the 4th over - 0 run(s), 0 hit(s), 0 error(s), 0 left on base; Los Cabos 2 - Baffin Island 0 |
TOP OF THE 5TH |
Los Cabos Cartel batting - Pitching for Baffin Island Beavers : RHP Thierry Garneau
|
Batting: RHB Víctor Solano
|
0-0: Ball 1-0: Ball 2-0: Foul Ball, location: 2F 2-1: Swinging Strike 2-2: Strikes out swinging
|
Batting: LHB Luis González
|
0-0: Called Strike 0-1: Ball 1-1: Foul Ball, location: 2F 1-2: Ball 2-2: SINGLE (Flyball, 8LS)
|
Batting: SHB Julián Madrid
|
0-0: Ball 1-0: Called Strike 1-1: Ball 2-1: Ball 3-1: Foul Ball, location: 2F 3-2: Base on Balls Luis González to second
|
Batting: LHB Truman Hodge
|
0-0: Fielders Choice at 2nd, 1-4 (Groundball, 25) Luis González to third
|
Batting: LHB Manny Quiñones
|
0-0: Ball 1-0: Called Strike 1-1: Foul Ball, location: 2F 1-2: Fly out, F9 (Flyball, 9S)
|
Top of the 5th over - 0 run(s), 1 hit(s), 0 error(s), 2 left on base; Los Cabos 2 - Baffin Island 0 |
BOTTOM OF THE 5TH |
Baffin Island Beavers batting - Pitching for Los Cabos Cartel : RHP Marty Burgess
|
Batting: LHB Lorenzo Villa
|
0-0: Swinging Strike 0-1: Ball 1-1: Swinging Strike 1-2: Foul Ball, location: 2F 1-2: Foul Ball, location: 2F 1-2: DOUBLE (Line Drive, 9LM)
|
Batting: RHB Tony Morton
|
0-0: Fly out, F9 (Flyball, 9D) Runner from 2nd tags up, SAFE at 3rd, no throw
|
Batting: LHB Keng-chi Lao
|
0-0: Called Strike 0-1: SINGLE (Line Drive, 7S) Lorenzo Villa scores
|
Batting: RHB Bryan Sandstrom
|
0-0: Called Strike 0-1: Fly out, F9 (Flyball, 9M)
|
Batting: RHB Bill Mark
|
0-0: Ball 1-0: Ball 2-0: Ball 3-0: Called Strike 3-1: Foul Ball, location: 2F 3-2: Strikes out swinging
|
Bottom of the 5th over - 1 run(s), 2 hit(s), 0 error(s), 1 left on base; Los Cabos 2 - Baffin Island 1 |
TOP OF THE 6TH |
Los Cabos Cartel batting - Pitching for Baffin Island Beavers : RHP Thierry Garneau
|
Batting: RHB Beco Lombo
|
0-0: Called Strike 0-1: Swinging Strike 0-2: Ball 1-2: Strikes out swinging
|
Batting: RHB Sam Wallace
|
0-0: Swinging Strike 0-1: Ball 1-1: Foul Ball, location: 2F 1-2: Strikes out swinging
|
Batting: RHB Stephen Wilson
|
0-0: Ball 1-0: Called Strike 1-1: Foul Ball, location: 2F 1-2: Ball 2-2: Ball 3-2: Foul Ball, location: 2F 3-2: Foul Ball, location: 2F 3-2: Foul Ball, location: 2F 3-2: SINGLE (Groundball, 56)
|
Pitching: RHP Dong-hyun Kim
|
|
Batting: RHB Dan Mason
|
0-0: Swinging Strike 0-1: Ball 1-1: DOUBLE (Line Drive, 9D) Stephen Wilson to third Runner from 3rd tries for Home, SAFE, no throw or cutoff
|
Batting: RHB Víctor Solano
|
0-0: Called Strike 0-1: Swinging Strike 0-2: Ball 1-2: Strikes out swinging
|
Top of the 6th over - 1 run(s), 2 hit(s), 0 error(s), 1 left on base; Los Cabos 3 - Baffin Island 1 |
BOTTOM OF THE 6TH |
Baffin Island Beavers batting - Pitching for Los Cabos Cartel : RHP Marty Burgess
|
Batting: LHB Chris Bates
|
0-0: Called Strike 0-1: Ground out 3-1 (Groundball, 34S)
|
Batting: RHB Jorge Morales
|
0-0: Foul Ball, location: 2F 0-1: Ball 1-1: Swinging Strike 1-2: Ball 2-2: Ball 3-2: Base on Balls
|
Batting: SHB Alonso Ferreira
|
0-0: Ball 1-0: Ball 2-0: Called Strike 2-1: Ball 3-1: Called Strike 3-2: Grounds into double play, 4-6-3 (Groundball, 4)
|
Bottom of the 6th over - 0 run(s), 0 hit(s), 0 error(s), 0 left on base; Los Cabos 3 - Baffin Island 1 |
TOP OF THE 7TH |
Los Cabos Cartel batting - Pitching for Baffin Island Beavers : RHP Dong-hyun Kim
|
Batting: LHB Luis González
|
0-0: Fly out, F7 (Flyball, 7M)
|
Batting: SHB Julián Madrid
|
0-0: Swinging Strike 0-1: Swinging Strike 0-2: Foul Ball, location: 2F 0-2: Strikes out looking
|
Batting: LHB Truman Hodge
|
0-0: Ball 1-0: Ball 2-0: Called Strike 2-1: Ball 3-1: Base on Balls
|
Batting: LHB Manny Quiñones
|
0-0: Called Strike 0-1: Foul Ball, location: 2F 0-2: Ball 1-2: Strikes out swinging
|
Top of the 7th over - 0 run(s), 0 hit(s), 0 error(s), 1 left on base; Los Cabos 3 - Baffin Island 1 |
BOTTOM OF THE 7TH |
Baffin Island Beavers batting - Pitching for Los Cabos Cartel : RHP Marty Burgess
|
Batting: LHB Jeff Cole
|
0-0: Foul Ball, location: 2F 0-1: Fly out, F7 (Line Drive, 7M)
|
Batting: LHB Lorenzo Villa
|
0-0: Ball 1-0: Foul Ball, location: 2F 1-1: Foul Ball, location: 2F 1-2: Foul Ball, location: 2F 1-2: Ball 2-2: Ground out 4-3 (Groundball, 4)
|
Batting: RHB Tony Morton
|
0-0: DOUBLE (Groundball, 5L)
|
Batting: LHB Keng-chi Lao
|
0-0: Ground out 4-3 (Groundball, 34)
|
Bottom of the 7th over - 0 run(s), 1 hit(s), 0 error(s), 1 left on base; Los Cabos 3 - Baffin Island 1 |
TOP OF THE 8TH |
Los Cabos Cartel batting - Pitching for Baffin Island Beavers : RHP Dong-hyun Kim
|
Batting: RHB Beco Lombo
|
0-0: Foul Ball, location: 2F 0-1: Ground out 4-3 (Groundball, 4)
|
Batting: RHB Sam Wallace
|
0-0: Called Strike 0-1: Ball 1-1: Called Strike 1-2: Strikes out swinging
|
Batting: RHB Stephen Wilson
|
0-0: Swinging Strike 0-1: Ball 1-1: Swinging Strike 1-2: Foul Ball, location: 2F 1-2: Foul Ball, location: 2F 1-2: Ball 2-2: Ball 3-2: Foul Ball, location: 2F 3-2: SOLO HOME RUN (Flyball, 7LD), Distance : 381 ft
|
Pitching: RHP Bartolo García
|
|
Batting: RHB Dan Mason
|
0-0: Foul Ball, location: 2F 0-1: DOUBLE (Flyball, 89D)
|
Batting: RHB Víctor Solano
|
0-0: Called Strike 0-1: Foul Ball, location: 2F 0-2: Ball 1-2: Strikes out swinging
|
Top of the 8th over - 1 run(s), 2 hit(s), 0 error(s), 1 left on base; Los Cabos 4 - Baffin Island 1 |
BOTTOM OF THE 8TH |
Baffin Island Beavers batting - Pitching for Los Cabos Cartel : RHP Marty Burgess
|
Pitching: LHP José Santana
|
|
Batting: RHB Bryan Sandstrom
|
0-0: Called Strike 0-1: Called Strike 0-2: Foul Ball, location: 2F 0-2: Foul Ball, location: 2F 0-2: Ball 1-2: Foul Ball, location: 2F 1-2: Ground out 6-3 (Groundball, 6M)
|
Batting: RHB Bill Mark
|
0-0: Called Strike 0-1: Ball 1-1: Ball 2-1: Swinging Strike 2-2: Strikes out swinging
|
Batting: LHB Chris Bates
|
0-0: Foul Ball, location: 2F 0-1: Ball 1-1: Ball 2-1: DOUBLE (Line Drive, 56D)
|
Pitching: RHP Juan Velázquez
|
|
Batting: RHB Jorge Morales
|
0-0: Foul Ball, location: 2F 0-1: Swinging Strike 0-2: Ball 1-2: Strikes out looking
|
Bottom of the 8th over - 0 run(s), 1 hit(s), 0 error(s), 1 left on base; Los Cabos 4 - Baffin Island 1 |
TOP OF THE 9TH |
Los Cabos Cartel batting - Pitching for Baffin Island Beavers : RHP Bartolo García
|
Batting: LHB Luis González
|
0-0: Ground out 1-3 (Groundball, 25)
|
Batting: SHB Julián Madrid
|
0-0: Swinging Strike 0-1: Called Strike 0-2: Ball 1-2: Foul Ball, location: 2F 1-2: Ball 2-2: Strikes out swinging
|
Batting: LHB Truman Hodge
|
0-0: DOUBLE (Flyball, 8LXD)
|
Batting: LHB Manny Quiñones
|
0-0: Fly out, F7 (Flyball, 7M)
|
Top of the 9th over - 0 run(s), 1 hit(s), 0 error(s), 1 left on base; Los Cabos 4 - Baffin Island 1 |
BOTTOM OF THE 9TH |
Baffin Island Beavers batting - Pitching for Los Cabos Cartel : RHP Juan Velázquez
|
Pitching: RHP Juan Nieto
|
|
Batting: SHB Alonso Ferreira
|
0-0: Foul Ball, location: 2F 0-1: Ground out 4-3 (Groundball, 4)
|
Batting: LHB Jeff Cole
|
0-0: Foul Ball, location: 2F 0-1: Called Strike 0-2: Ball 1-2: Strikes out looking
|
Batting: LHB Lorenzo Villa
|
0-0: Called Strike 0-1: Foul Ball, location: 2F 0-2: Strikes out swinging
|
Bottom of the 9th over - 0 run(s), 0 hit(s), 0 error(s), 0 left on base; Los Cabos 4 - Baffin Island 1 |
|